Description

I like this opener because when my reapers harass opponentst. I can make Factory, new base or more baracks and play macro game

You can make wall (not crusial)

You have excess of minerals?? You can build base. When rappers failed, you can try play macro game. :)

Build Order

Get SALT Encoding   

    0:00  SCV  
    0:13  Supply Depot  You can make wall (not crusial)
    0:16  SCV x2  
    0:34  Refinery  
    0:41  Barracks  (Wall) You must make additional depot to close.
    0:45  SCV  
    0:57  SCV  
    1:00  Refinery  
    1:09  SCV  
    1:12  Barracks  You can build out of base or hide
    1:22  SCV  
    1:34  SCV  
    1:36  Barracks Reactor  When finish make a lot reapers
    1:47  SCV  
    2:00  SCV  
    2:05  Supply Depot  
    2:07  Barracks Reactor  When finish make a lot reapers
    2:11  Orbital Command  
    2:25  Command Center  You have excess of minerals?? You can build base. When repers terget faild, you can try play macro game.
    20:00  Action  You have excess of minerals?? You can build base. When repers terget faild, you can try play macro game.
Spawning Tool Build Advisor. Get it on Overwolf

Analysis

.

Go to:

Details

  • Created by: Krzysztof2003
  • Published on: Sep 21, 2018
  • Modified on: Sep 21, 2018
  • Patch: 4.0.0
Show
View Real Time Build Order
Export as new Build Order

Comments (0)

There are no comments. Be the first!

Create an account to comment!